Map: Cosmic Sapphire

Players

JonSnow - Winner!

  • Race: Zerg Zerg
  • Spawn Location: 11:00

PappiJoe

  • Race: Protoss Protoss
  • Spawn Location: 5:00

Event: DreamHack SC2 Masters 2022 Atlanta (Offline)

VOD

Have the link to the VOD?

Description

Time

  • Played on: Nov. 18, 2022, 4 p.m.
  • Length: 10:43

All games in this series

Show
View Real Time Build Order
Export as new Build Order

JonSnow Zerg - Winner!

Build Orders: Hatch First 

Get SALT Encoding   

  12  0:01  Drone  
  13  0:13  Overlord  
  13  0:17  Drone  
  14  0:31  Drone  
  14  0:32  Drone  
  16  0:48  Drone  
  17  0:54  Drone  
  17  0:55  Hatchery  
  17  0:59  Drone  
  18  1:08  Extractor  
  17  1:13  Spawning Pool  
  17  1:16  Drone  
  17  1:20  Drone  
  18  1:29  Drone  
  19  1:39  Drone  
  20  1:50  Overlord  
  20  2:00  Queen  
  22  2:06  Zergling x2  
  22  2:07  Queen  
  25  2:08  Drone  
  25  2:10  Metabolic Boost  
  25  2:15  Drone  
  27  2:17  Drone  
  28  2:27  Drone  
  29  2:34  Hatchery  
  29  2:36  Drone  
  29  2:43  Queen  
  31  2:48  Drone  
  31  2:49  Zergling x2  
  33  2:54  Zergling x2  
  33  2:57  Overlord  
  34  3:01  Drone  
  34  3:02  Drone  
  36  3:08  Overlord  
  36  3:18  Spore Crawler  
  35  3:20  Zergling x4  
  35  3:23  Drone x4  
  41  3:32  Drone x2  
  43  3:35  Overlord  
  43  3:39  Overlord  
  43  3:45  Queen  
  45  3:48  Overlord  
  45  3:49  Drone  
  45  3:50  Drone  
  47  3:58  Zergling x2  
  47  3:59  Zergling x2  
  47  4:00  Drone x4  
  47  4:02  Drone  
  53  4:04  Drone  
  53  4:12  Roach Warren  
  53  4:16  Zergling x8  
  56  4:19  Overlord  
  56  4:24  Extractor  
  56  4:26  Overlord  
  56  4:28  Drone x3  
  56  4:29  Drone  
  59  4:33  Evolution Chamber  
  59  4:35  Drone x2  
  59  4:36  Drone  
  59  4:37  Drone  
  62  4:41  Drone x3  
  62  4:44  Drone  
  64  4:54  Drone x5  
  64  4:55  Drone x2  
  64  4:57  Lair  
  68  5:02  Extractor  
  68  5:04  Zerg Melee Weapons Level 1  
  66  5:08  Zergling x4, Roach x3  
  66  5:11  Zergling x4  
  76  5:15  Overlord  
  76  5:17  Drone  
  76  5:18  Baneling Nest, Extractor  
  76  5:19  Drone  
  76  5:22  Queen  
  78  5:30  Roach  
  78  5:31  Roach x2  
  78  5:35  Zergling x8, Roach  
  90  5:46  Roach x3  
  96  5:51  Queen, Overlord  
  96  5:55  Overlord  
  96  5:56  Glial Reconstitution  
  98  5:59  Hatchery  
  96  6:06  Overlord  
  96  6:08  Drone  
  97  6:12  Drone x7  
  97  6:13  Centrifugal Hooks  
  97  6:16  Drone  
  105  6:20  Overseer  
  105  6:27  Hatchery  
  105  6:32  Drone x3  
  107  6:38  Queen  
  109  6:41  Drone x2, Overlord, Extractor  
  109  6:42  Extractor  
  109  6:43  Zergling x12  
  115  6:48  Zergling x2  
  115  6:49  Zergling x4  
  115  6:52  Spire  
  115  6:53  Zergling x2  
  116  6:58  Zergling x2  
  114  7:02  Zerg Melee Weapons Level 2  
  114  7:03  Zergling x4  
  114  7:06  Zergling x4  
  114  7:07  Zergling x4  
  114  7:15  Zergling x8, Queen  
  112  7:22  Zergling x6  
  116  7:33  Drone x3  
  116  7:35  Drone x6  
  118  7:43  Drone x7  
  121  7:47  Extractor  
  121  7:49  Extractor  
  119  7:51  Queen, Drone  
  119  7:52  Drone x3  
  120  8:06  Drone x2, Mutalisk x4  
  130  8:13  Mutalisk x5  
  130  8:19  Overlord x3  
  140  8:26  Overlord  
  140  8:27  Zerg Flyer Weapons Level 1  
  140  8:35  Queen  
  140  8:38  Mutalisk  
  140  8:39  Mutalisk x5  
  147  8:41  Zergling x8  
  147  8:43  Zergling x2  
  147  8:46  Zergling x6  
  151  8:50  Zergling x6  
  150  9:01  Mutalisk x2  
  150  9:02  Mutalisk x2  
  156  9:08  Zergling x8  
  146  9:11  Zergling x4  
  134  9:18  Zergling x10  
  134  9:22  Mutalisk  
  139  9:26  Zergling x4  
  139  9:31  Zergling x6  
  137  9:46  Mutalisk x5  
  137  9:48  Zergling x6  
  137  9:52  Zergling x6  
  144  9:55  Mutalisk  
  142  10:03  Mutalisk x2  
  146  10:09  Spine Crawler  
  146  10:10  Mutalisk, Spine Crawler  
  146  10:17  Zergling x8  
  147  10:24  Zergling x8  
Show
View Real Time Build Order
Export as new Build Order

PappiJoe Protoss 

Build Orders: 1 Gate Expand 

Get SALT Encoding   

  12  0:00  Probe  
  13  0:16  Pylon  
  13  0:18  Probe (Chrono Boost)  
  14  0:28  Probe (Chrono Boost)  
  15  0:33  Probe (Chrono Boost)  
  16  0:39  Gateway  
  16  0:45  Probe  
  16  0:49  Assimilator  
  18  0:57  Probe  
  18  1:10  Probe  
  19  1:22  Probe  
  20  1:26  Nexus  
  20  1:35  Cybernetics Core  
  20  1:37  Probe  
  21  1:45  Assimilator  
  21  1:50  Probe (Chrono Boost)  
  21  1:53  Pylon  
  23  2:02  Probe (Chrono Boost)  
  23  2:09  Probe (Chrono Boost)  
  23  2:10  Adept (Chrono Boost)  
  23  2:13  Warp Gate  
  26  2:20  Probe  
  27  2:30  Twilight Council  
  27  2:31  Adept (Chrono Boost)  
  27  2:32  Probe  
  30  2:38  Probe  
  31  2:44  Probe  
  31  2:51  Probe  
  33  2:53  Stalker  
  33  2:57  Probe  
  36  3:03  Probe  
  37  3:09  Probe  
  38  3:15  Probe  
  38  3:18  Nexus  
  38  3:19  Resonating Glaives (Chrono Boost)  
  39  3:21  Probe  
  39  3:23  Adept  
  42  3:27  Probe  
  42  3:33  Probe  
  42  3:34  Pylon  
  44  3:39  Probe  
  44  3:41  Gateway  
  45  3:50  Gateway, Probe  
  45  3:53  Probe  
  47  3:57  Gateway  
  47  4:02  Probe  
  48  4:05  Shield Battery, Probe  
  48  4:09  Adept  
  51  4:13  Pylon  
  51  4:14  Probe  
  51  4:15  Assimilator  
  52  4:17  Probe  
  52  4:22  Robotics Facility  
  53  4:26  Probe  
  53  4:29  Pylon  
  54  4:31  Probe x2  
  54  4:33  Adept  
  54  4:35  Adept  
  60  4:39  Probe  
  60  4:43  Probe  
  62  4:53  Probe x2  
  62  4:54  Adept x3, Blink (Chrono Boost)  
  62  4:56  Probe  
  65  5:00  Adept  
  65  5:05  Probe x2  
  69  5:08  Probe  
  70  5:16  Observer  
  70  5:17  Probe  
  70  5:18  Adept x2, Probe  
  70  5:20  Probe  
  78  5:24  Gateway  
  78  5:25  Gateway, Stalker  
  80  5:28  Stalker  
  80  5:30  Probe  
  80  5:31  Pylon  
  83  5:36  Pylon  
  83  5:45  Pylon  
  83  5:47  Forge  
  83  5:50  Probe x2  
  83  5:53  Gateway  
  83  5:54  Gateway, Assimilator  
  85  5:58  Assimilator, Pylon  
  85  5:59  Stalker  
  85  6:00  Stalker  
  89  6:05  Stalker x2  
  89  6:10  Warp Prism  
  95  6:19  Protoss Ground Weapons Level 1 (Chrono Boost)  
  95  6:21  Gateway  
  95  6:23  Gateway, Stalker  
  95  6:24  Stalker  
  99  6:29  Stalker x2  
  103  6:34  Probe x2  
  103  6:38  Dark Shrine  
  103  6:39  Charge (Chrono Boost)  
  105  6:40  Stalker  
  107  6:54  Stalker x2  
  107  6:59  Pylon  
  111  7:01  Pylon  
  111  7:04  Pylon  
  111  7:06  Pylon  
  107  7:14  Stalker x5  
  115  7:24  Pylon  
  115  7:27  Pylon  
  93  7:37  Stalker x6  
  93  7:38  Stalker  
  93  7:42  Stalker  
  101  7:50  Stalker x2  
  99  8:03  Stalker x3  
  99  8:04  Stalker  
  101  8:16  Zealot x6  
  101  8:19  Nexus  
  113  8:20  Pylon  
  113  8:23  Probe x2  
  115  8:28  Zealot x3  
  121  8:46  Zealot x2  
  121  8:47  Zealot x5  
  135  9:00  Stalker x3  
  141  9:03  Templar Archives  
  119  9:15  Stalker x2  
  119  9:16  Stalker x4  
  111  9:23  Dark Shrine  
  105  9:28  Zealot x3  
  109  9:32  Photon Cannon  
  107  9:41  Stalker x2  
  111  9:47  Probe x2  
  96  10:01  High Templar x4  
  96  10:02  Stalker x2  
  96  10:06  Zealot x4  
  110  10:11  Archon x2  
  86  10:25  Stalker x2  
  86  10:26  Zealot x4  
  82  10:33  Stalker x3  
  74  10:40  Cybernetics Core  
Tags
 
Add a new tag
Caveats
  • Supply blocks, unpowered buildings, or Contaminate may cause inaccurate times.
  • Supply counts are checked every 10 seconds.